A+ EAST
AUBURN DOUBLEDAYS @ WILMINGTON BLUE ROCKS
05/10/2042
 
TOP OF THE 1ST
Auburn Doubledays batting - Pitching for Wilmington Blue Rocks : RHP Ken Finch
Pitching: RHP Ken Finch
Batting: RHB Jeremiah Guthrie 0-0: Fly out, F9 (Flyball, 9, EV 99.4 MPH)
Batting: RHB Matt Conroy 0-0: Swinging Strike
0-1: Swinging Strike
0-2: Strikes out looking
Batting: RHB Shawn Tucker 0-0: Called Strike
0-1: Ball
1-1: SINGLE (Groundball, 56S, EV 65.0 MPH) (infield hit)
Batting: LHB Monte Moore 0-0: Fly out, F7 (Flyball, 7LD, EV 96.9 MPH)
Top of the 1st over - 0 runs, 1 hit, 0 errors, 1 left on base; Auburn 0 - Wilmington 0
BOTTOM OF THE 1ST
Wilmington Blue Rocks batting - Pitching for Auburn Doubledays : RHP Luis Ramírez
Pitching: RHP Luis Ramírez
Batting: RHB Jesús Balderas 0-0: Bunt for hit to 25 - play at first, batter safe!
Batting: RHB Colm Heath 0-0: Ball
Jesús Balderas is caught stealing 2nd base 2-4
1-0: Bunt for hit to 5S - play at first, batter OUT! 5-3
Batting: RHB Mal Norton 0-0: Called Strike
0-1: Fly out, F8 (Line Drive, 8RM, EV 91.9 MPH)
Bottom of the 1st over - 0 runs, 1 hit, 0 errors, 0 left on base; Auburn 0 - Wilmington 0
TOP OF THE 2ND
Auburn Doubledays batting - Pitching for Wilmington Blue Rocks : RHP Ken Finch
Batting: RHB Sergio Peña 0-0: Ball
1-0: Swinging Strike
1-1: Foul Ball, location: 2F
1-2: Strikes out swinging
Batting: RHB Edgardo Rodríguez 0-0: Swinging Strike
0-1: Ball
1-1: Swinging Strike
1-2: SINGLE (Line Drive, 56D, EV 100.0 MPH)
Batting: LHB David Urbina 0-0: Ball
1-0: Swinging Strike
1-1: Ball
2-1: Ball
3-1: Grounds into double play, 4-6-3 (Groundball, 4, EV 85.0 MPH)
Top of the 2nd over - 0 runs, 1 hit, 0 errors, 0 left on base; Auburn 0 - Wilmington 0
BOTTOM OF THE 2ND
Wilmington Blue Rocks batting - Pitching for Auburn Doubledays : RHP Luis Ramírez
Batting: RHB Assunção Contreras 0-0: Ball
1-0: Ball
2-0: Called Strike
2-1: Foul Ball, location: 9LDF
2-2: Ball
3-2: Strikes out swinging
Batting: LHB Jeff Yoder 0-0: Ball
1-0: Ball
2-0: Foul Ball, location: 9LSF
2-1: Foul Ball, location: 7LMF
2-2: Ball
3-2: Base on Balls
Batting: RHB Steve Edwards 0-0: Ball
1-0: Ball
2-0: Called Strike
2-1: Ball
3-1: Base on Balls
Jeff Yoder to second
Batting: LHB Dave Lewis 0-0: Foul Ball, location: 5SF
0-1: Hit by Pitch
Jeff Yoder to third
Steve Edwards to second
Batting: RHB Ron Clements 0-0: Called Strike
0-1: Ball
1-1: Ball
2-1: Ball
3-1: Base on Balls
Jeff Yoder scores
Steve Edwards to third
Dave Lewis to second
Batting: LHB Steve Morris 0-0: Ball
1-0: Foul Ball, location: 2F
1-1: Ball
2-1: Called Strike
2-2: Foul Ball, location: 2F
2-2: Foul Ball, location: 2F
2-2: DOUBLE (Line Drive, 89XD, EV 102.5 MPH)
Steve Edwards scores
Dave Lewis scores
Ron Clements to third
Runner from 3rd tries for Home, SAFE, throw by RF to trailing runner, SAFE at third!
Batting: RHB Jesús Balderas 0-0: SINGLE (Line Drive, 6MD, EV 100.6 MPH)
Steve Morris scores
Batting: RHB Colm Heath 0-0: Ball
Jesús Balderas steals 2nd base (no throw)
1-0: Ball
2-0: Ball
3-0: Base on Balls
Batting: RHB Mal Norton 0-0: Ball
1-0: Ball
2-0: Foul Ball, location: 3SF
2-1: Foul Ball, location: 9LSF
2-2: 3-RUN HOME RUN (Flyball, 78XD, EV 101.9 MPH), Distance : 400 ft
Pitching: RHP Junior Womack
Batting: RHB Assunção Contreras 0-0: Ball
1-0: Ball
2-0: Called Strike
2-1: Foul Ball, location: 7LDF
2-2: Fly out, F8 (Flyball, 8RS, EV 85.6 MPH)
Batting: LHB Jeff Yoder 0-0: Swinging Strike
0-1: Fly out, F7 (Flyball, 78D, EV 87.5 MPH)
Bottom of the 2nd over - 8 runs, 3 hits, 0 errors, 0 left on base; Auburn 0 - Wilmington 8
TOP OF THE 3RD
Auburn Doubledays batting - Pitching for Wilmington Blue Rocks : RHP Ken Finch
Batting: RHB Dusty Long 0-0: Ground out 6-3 (Groundball, 56, EV 85.6 MPH)
Batting: RHB Alex Owens 0-0: Foul Ball, location: 3FF
0-1: Swinging Strike
0-2: Ball
1-2: Foul Ball, location: 7LMF
1-2: Ball
2-2: Ball
3-2: Fly out, F3 (Popup, 3S, EV 74.4 MPH)
Batting: RHB Jeremiah Guthrie 0-0: Ground out 6-3 (Groundball, 6, EV 86.9 MPH)
Top of the 3rd over - 0 runs, 0 hits, 0 errors, 0 left on base; Auburn 0 - Wilmington 8
BOTTOM OF THE 3RD
Wilmington Blue Rocks batting - Pitching for Auburn Doubledays : RHP Junior Womack
Batting: RHB Steve Edwards 0-0: Ball
1-0: Called Strike
1-1: Foul Ball, location: 7LSF
1-2: Ball
2-2: Foul Ball, location: 23F
2-2: Ball
3-2: Base on Balls
Batting: LHB Dave Lewis 0-0: Ball
1-0: Grounds into double play, 3-6-1 (Groundball, 3, EV 76.3 MPH)
Batting: RHB Ron Clements 0-0: Called Strike
0-1: Ball
1-1: SINGLE (Line Drive, 78M, EV 110.0 MPH)
Batting: LHB Steve Morris 0-0: Ball
1-0: Called Strike
1-1: Ball
2-1: Ground out 4-3 (Groundball, 4, EV 110.0 MPH)
Bottom of the 3rd over - 0 runs, 1 hit, 0 errors, 1 left on base; Auburn 0 - Wilmington 8
TOP OF THE 4TH
Auburn Doubledays batting - Pitching for Wilmington Blue Rocks : RHP Ken Finch
Batting: RHB Matt Conroy 0-0: Called Strike
0-1: Ball
1-1: Fly out, F8 (Flyball, 8RD, EV 96.9 MPH)
Batting: RHB Shawn Tucker 0-0: Ball
1-0: Ball
2-0: Ball
3-0: Base on Balls
Batting: LHB Monte Moore 0-0: DOUBLE (Line Drive, 78D, EV 103.1 MPH)
Shawn Tucker to third
Runner from 3rd tries for Home, SAFE, throw by CF to trailing runner, SAFE at third!
Batting: RHB Sergio Peña 0-0: Ball
1-0: Swinging Strike
1-1: Ball
2-1: Foul Ball, location: 5SF
2-2: Strikes out swinging
Batting: RHB Edgardo Rodríguez 0-0: SINGLE (Groundball, 56D, EV 104.4 MPH)
Monte Moore scores
Batting: LHB David Urbina 0-0: Called Strike
0-1: Foul Ball, location: 2F
0-2: Fly out, F8 (Flyball, 8RM, EV 92.5 MPH)
Top of the 4th over - 2 runs, 2 hits, 0 errors, 1 left on base; Auburn 2 - Wilmington 8
BOTTOM OF THE 4TH
Wilmington Blue Rocks batting - Pitching for Auburn Doubledays : RHP Junior Womack
Batting: RHB Jesús Balderas 0-0: Ball
1-0: Ball
2-0: Called Strike
2-1: Foul Ball, location: 25F
2-2: Ball
3-2: DOUBLE (Groundball, 3L, EV 108.8 MPH)
Batting: RHB Colm Heath 0-0: Called Strike
0-1: Ball
1-1: Fly out, F7 (Flyball, 78M, EV 93.8 MPH)
Batting: RHB Mal Norton 0-0: Ball
1-0: Ball
2-0: Called Strike
2-1: Foul Ball, location: 25F
2-2: Strikes out swinging
Batting: RHB Assunção Contreras 0-0: Called Strike
0-1: Foul Ball, location: 23FF
0-2: Ball
1-2: Strikes out swinging
Bottom of the 4th over - 0 runs, 1 hit, 0 errors, 1 left on base; Auburn 2 - Wilmington 8
TOP OF THE 5TH
Auburn Doubledays batting - Pitching for Wilmington Blue Rocks : RHP Ken Finch
Batting: RHB Dusty Long 0-0: Ball
1-0: Ball
2-0: Called Strike
2-1: Called Strike
2-2: Ground out 4-3 (Groundball, 4, EV 87.5 MPH)
Batting: RHB Alex Owens 0-0: Ball
1-0: Called Strike
1-1: Ball
2-1: Swinging Strike
2-2: Foul Ball, location: 2F
2-2: Ball
3-2: Fly out, F4 (Popup, 4D, EV 50.6 MPH)
Batting: RHB Jeremiah Guthrie 0-0: Called Strike
0-1: Ball
1-1: Ball
2-1: Foul Ball, location: 9LSF
2-2: Ball
3-2: Strikes out swinging
Top of the 5th over - 0 runs, 0 hits, 0 errors, 0 left on base; Auburn 2 - Wilmington 8
BOTTOM OF THE 5TH
Wilmington Blue Rocks batting - Pitching for Auburn Doubledays : RHP Junior Womack
Batting: LHB Jeff Yoder 0-0: Ball
1-0: Called Strike
1-1: Called Strike
1-2: Foul Ball, location: 2F
1-2: Ball
2-2: Strikes out looking
Batting: RHB Steve Edwards 0-0: Foul Ball, location: 9LMF
0-1: SINGLE (Groundball, 4M, EV 89.4 MPH) (infield hit)
Batting: LHB Dave Lewis 0-0: Ball
1-0: Ball
2-0: Ball
3-0: Called Strike
3-1: Foul Ball, location: 2F
3-2: Strikes out looking
Batting: RHB Ron Clements 0-0: Ball
1-0: Ball
2-0: Foul Ball, location: 25FF
2-1: DOUBLE (Groundball, 5L, EV 106.9 MPH)
Steve Edwards to third
Batting: LHB Steve Morris 0-0: Called Strike
0-1: Called Strike
0-2: Strikes out swinging
Bottom of the 5th over - 0 runs, 2 hits, 0 errors, 2 left on base; Auburn 2 - Wilmington 8
TOP OF THE 6TH
Auburn Doubledays batting - Pitching for Wilmington Blue Rocks : RHP Ken Finch
Batting: RHB Matt Conroy 0-0: Called Strike
0-1: Foul Ball, location: 3F
0-2: Ball
1-2: Ball
2-2: Ball
3-2: DOUBLE (Flyball, 78D, EV 87.5 MPH)
Batting: RHB Shawn Tucker 0-0: Ball
1-0: Ball
2-0: TRIPLE (Line Drive, 89XD, EV 107.5 MPH)
Matt Conroy scores
Batting: LHB Monte Moore 0-0: Ball
1-0: Foul Ball, location: 7LMF
1-1: Ground out 4-3 (Groundball, 4, EV 80.0 MPH)
Shawn Tucker scores
Batting: RHB Sergio Peña 0-0: Swinging Strike
0-1: Ball
1-1: Foul Ball, location: 2F
1-2: Strikes out swinging
Batting: RHB Edgardo Rodríguez 0-0: Ground out 4-3 (Groundball, 4S, EV 83.8 MPH)
Top of the 6th over - 2 runs, 2 hits, 0 errors, 0 left on base; Auburn 4 - Wilmington 8
BOTTOM OF THE 6TH
Wilmington Blue Rocks batting - Pitching for Auburn Doubledays : RHP Junior Womack
Pitching: RHP António Rivera
Batting: RHB Jesús Balderas 0-0: Foul Ball, location: 2F
0-1: TRIPLE (Flyball, 89XD, EV 110.6 MPH)
Batting: RHB Colm Heath 0-0: Ball
1-0: Foul Ball, location: 5F
1-1: Foul Ball, location: 5FF
1-2: Strikes out swinging
Batting: RHB Mal Norton 0-0: Ball
1-0: Ball
2-0: Called Strike
2-1: Foul Ball, location: 3DF
2-2: Strikes out swinging
Batting: RHB Assunção Contreras 0-0: Foul Ball, location: 5DF
0-1: Swinging Strike
0-2: Foul Ball, location: 9LSF
0-2: Ball
1-2: Strikes out looking
Bottom of the 6th over - 0 runs, 1 hit, 0 errors, 1 left on base; Auburn 4 - Wilmington 8
TOP OF THE 7TH
Auburn Doubledays batting - Pitching for Wilmington Blue Rocks : RHP Ken Finch
Pitching: RHP António Gómes
Batting: LHB David Urbina 0-0: Ball
1-0: Ball
2-0: Called Strike
2-1: Swinging Strike
2-2: Strikes out swinging
Batting: RHB Dusty Long 0-0: Fly out, F9 (Flyball, 9S, EV 95.6 MPH)
Batting: RHB Alex Owens 0-0: Ball
1-0: Called Strike
1-1: Swinging Strike
1-2: Foul Ball, location: 9LSF
1-2: Fly out, F8 (Flyball, 8LD, EV 100.0 MPH)
Top of the 7th over - 0 runs, 0 hits, 0 errors, 0 left on base; Auburn 4 - Wilmington 8
BOTTOM OF THE 7TH
Wilmington Blue Rocks batting - Pitching for Auburn Doubledays : RHP António Rivera
Batting: LHB Jeff Yoder 0-0: Ball
1-0: Called Strike
1-1: Swinging Strike
1-2: Strikes out swinging
Batting: RHB Steve Edwards 0-0: Ball
1-0: Ground out 5-3 (Groundball, 56, EV 99.4 MPH)
Batting: LHB Dave Lewis 0-0: Foul Ball, location: 9LSF
0-1: Foul Ball, location: 3F
0-2: Strikes out swinging
Bottom of the 7th over - 0 runs, 0 hits, 0 errors, 0 left on base; Auburn 4 - Wilmington 8
TOP OF THE 8TH
Auburn Doubledays batting - Pitching for Wilmington Blue Rocks : RHP António Gómes
Batting: RHB Jeremiah Guthrie 0-0: Ball
1-0: Foul Ball, location: 23F
1-1: Foul Ball, location: 23F
1-2: Strikes out swinging
Batting: RHB Matt Conroy 0-0: Ball
1-0: Ball
2-0: Ball
3-0: Called Strike
3-1: Ground out 5-3 (Groundball, 56, EV 82.5 MPH)
Batting: RHB Shawn Tucker 0-0: Called Strike
0-1: Fly out, F8 (Flyball, 8RD, EV 93.1 MPH)
Top of the 8th over - 0 runs, 0 hits, 0 errors, 0 left on base; Auburn 4 - Wilmington 8
BOTTOM OF THE 8TH
Wilmington Blue Rocks batting - Pitching for Auburn Doubledays : RHP António Rivera
Batting: RHB Ron Clements 0-0: Foul Ball, location: 2F
0-1: Fly out, F4 (Popup, 4S, EV 71.3 MPH)
Batting: LHB Steve Morris 0-0: Ball
1-0: Called Strike
1-1: Ball
2-1: Foul Ball, location: 3FF
2-2: Strikes out swinging
Batting: RHB Jesús Balderas 0-0: Ball
1-0: Called Strike
1-1: Called Strike
1-2: Strikes out swinging
Bottom of the 8th over - 0 runs, 0 hits, 0 errors, 0 left on base; Auburn 4 - Wilmington 8
TOP OF THE 9TH
Auburn Doubledays batting - Pitching for Wilmington Blue Rocks : RHP António Gómes
Pitching: RHP Oscar Williams
Batting: LHB Monte Moore 0-0: Ground out 1-3 (Groundball, 25, EV 70.6 MPH)
Pinch Hitting: LHB Rob Glenn 0-0: Called Strike
0-1: Ball
1-1: Ball
2-1: Foul Ball, location: 3DF
2-2: Ball
3-2: Base on Balls
Batting: RHB Edgardo Rodríguez 0-0: Foul Ball, location: 7LMF
0-1: Ball
1-1: Ball
2-1: Swinging Strike
2-2: Ball
3-2: Foul Ball, location: 3FF
3-2: Base on Balls
Rob Glenn to second
Batting: LHB David Urbina 0-0: Ball
1-0: Ball
2-0: Called Strike
2-1: Grounds into double play, 3-6-3 (Groundball, 23, EV 87.5 MPH)
Top of the 9th over - 0 runs, 0 hits, 0 errors, 1 left on base; Auburn 4 - Wilmington 8
Monday, April 29th , 2024 - OOTP Baseball 24.10 Build 82